 Dungeon Crawl Stone Soup version 0.20-a0-396-gbf3f530 (webtiles) character file.

3876 RumaTero the Basher (level 10, -5/76 HPs)
             Began as a Demonspawn Abyssal Knight on Dec 31, 2016.
             Was an Elder of Lugonu.
             Slain by a two-headed ogre
             ... wielding a cursed -3 giant club
              (18 damage)
             ... on level 9 of the Dungeon.
             The game lasted 00:27:46 (11342 turns).

RumaTero the Basher (Demonspawn Abyssal Knight)    Turns: 11342, Time: 00:27:46

Health: -5/76      AC: 13    Str: 17    XL:     10   Next: 0%
Magic:  11/11      EV: 16    Int: 13    God:    Lugonu [****..]
Gold:   367        SH:  4    Dex: 17    Spells: 9/9 levels left

rFire  + + .     SeeInvis .     v - +1 hand axe (flame)
rCold  . . .     Gourm    .     t - +3 ring mail {rF+}
rNeg   . . .     Faith    .     (no shield)
rPois  .         Spirit   .     (no helmet)
rElec  .         Reflect  .     x - +0 cloak
rCorr  .         Harm     .     b - +0 pair of gloves
MR     +....                    z - +0 pair of boots
Stlth  ++........               (no amulet)
                                D - ring of protection from fire
                                s - ring of protection from magic

@: agile
A: claws 1, large bone plates 1, powered by pain 1
a: Depart the Abyss, Bend Space, Banish, Corrupt, Renounce Religion


You were on level 9 of the Dungeon.
You worshipped Lugonu.
Lugonu was greatly pleased with you.
You were not hungry.

You visited 1 branch of the dungeon, and saw 9 of its levels.
You visited the Abyss 1 time.

You collected 367 gold pieces.

Inventory:

Hand Weapons
 v - a +1 hand axe of flaming (weapon)
 y - a +0 mace
 F - a +3 rapier of venom
Armour
 b - a +0 pair of gloves (worn)
 t - a +3 ring mail of fire resistance (worn)
 u - a cursed -1 shield
 x - a +0 cloak (worn)
 z - a +0 pair of boots (worn)
Jewellery
 s - a ring of protection from magic (left hand)
 D - a ring of protection from fire (right hand)
Wands
 w - a wand of acid (0/15)
Scrolls
 d - 3 scrolls of magic mapping
 k - 2 scrolls of recharging
 l - a scroll of identify
 m - 3 scrolls of amnesia
 n - a scroll of fog
 q - 3 scrolls of remove curse
 E - a scroll of fear
Potions
 e - 3 potions of brilliance
 f - 3 potions of ambrosia
 g - 5 potions of curing
 h - 2 potions of degeneration
 i - a potion of resistance
 o - 3 potions of lignification
 A - a potion of flight {unknown}
 C - 2 potions of mutation
Comestibles
 a - 4 chunks of flesh
 c - 10 bread rations
 j - 7 meat rations
 G - 2 royal jellies


   Skills:
 - Level 6.0 Fighting
 * Level 9.2 Maces & Flails
 + Level 6.9 Armour
 - Level 0.8 Dodging
 + Level 4.6 Shields
 + Level 2.4 Invocations


You had 9 spell levels left.
You didn't know any spells.

Dungeon Overview and Level Annotations

Branches:
Dungeon (9/15)             Temple (0/1) D:6
   Lair: D:8-11         Orc: D:9-12

Altars:
Dithmenos
Elyvilon
Fedhas
The Shining One

Shops:
D:6 [   D:8 %

Annotations:
D:4 RumaTero's ghost, amateur DsAK
D:6 Edmund


Innate Abilities, Weirdness & Mutations

You have sharp fingernails.
You are partially covered in large bone plates. (SH +4)
You sometimes gain a little power by taking damage.


Message History

You feel agile all of a sudden.
The two-headed ogre hits you with a giant spiked club!
You slash the two-headed ogre! You burn the two-headed ogre.
The two-headed ogre is heavily wounded.
The two-headed ogre hits you but does no damage.
The two-headed ogre barely misses you.
You slash the two-headed ogre! You burn the two-headed ogre.
The two-headed ogre is severely wounded.
The two-headed ogre closely misses you.
The two-headed ogre hits you with a giant spiked club!
* * * LOW HITPOINT WARNING * * *
You hit the two-headed ogre but do no damage.
The two-headed ogre is severely wounded.
You hit the two-headed ogre but do no damage.
The two-headed ogre is severely wounded.
You block the two-headed ogre's attack. x2
You hit the two-headed ogre. You burn the two-headed ogre.
The two-headed ogre is severely wounded.
The two-headed ogre hits you with a giant club!!
You die...

#...............#
#...............#
#...............# #.
#...............#
#.##...............#
#.#..##[##..>......#
#.#..#.<.#.........#
#.#..#...#O........#
#o#o.#...#@.....<..#
######.#..#...#.........#
.......'..#...#...#######
.......#.T#####...#
..>....#..........#
.......#...........
########...........#
............# .......T


You could see a two-headed ogre.

Vanquished Creatures
  A two-headed ogre (D:8)
  A troll (D:9)
  2 hippogriffs
  Menkaure (D:6)
  An ice beast (D:8)
  A sky beast (D:6)
  A phantom (D:8)
  2 ogres
  4 centaurs
  5 bullfrogs
  A water moccasin zombie (D:7)
  3 scorpions
  3 killer bees (D:8)
  3 howler monkeys
  3 crimson imps
  3 bullfrog skeletons
  4 hounds
  2 orc wizards
  A gnoll shaman (D:7)
  An orc priest (D:9)
  Crazy Yiuf (D:7)
  4 worker ants
  An iguana (D:4)
  2 killer bee zombies (D:7)
  4 hound skeletons
  4 gnolls (D:7)
  16 adders
  3 shadow imps
  An adder skeleton (D:5)
  An adder zombie (D:9)
  4 worms
  4 dart slugs
  7 leopard geckos
  22 orcs
  5 giant cockroaches
  6 goblins
  11 hobgoblins
  4 jackals
  4 kobolds
  5 quokkas
  2 ball pythons
  11 bats
  3 frilled lizards
  4 goblin skeletons (D:8)
  3 goblin zombies (D:8)
  3 hobgoblin zombies (D:8)
  A jackal skeleton (D:7)
  A kobold skeleton (D:8)
  A kobold zombie (D:8)
  A leopard gecko zombie (D:7)
  2 orc zombies (D:8)
  3 rats
  A bush (D:2)
188 creatures vanquished.

Notes
Turn   | Place    | Note
-------+----------+-------------------------------------------
     0 | Abyss:1  | RumaTero the Demonspawn Abyssal Knight began the quest for the Orb.
     0 | Abyss:1  | Reached XP level 1. HP: 18/18 MP: 2/2
     0 | D:1      | Escaped the Abyss
    27 | D:1      | Reached skill level 2 in Maces & Flails
   129 | D:1      | Gained mutation: You sometimes gain a little power by taking damage. [demonic ancestry]
   129 | D:1      | Reached XP level 2. HP: 9/24 MP: 3/3
   356 | D:1      | Reached * piety under Lugonu
   685 | D:1      | Reached skill level 3 in Maces & Flails
  1124 | D:2      | Reached XP level 3. HP: 26/29 MP: 4/4
  2158 | D:2      | Reached skill level 4 in Maces & Flails
  2158 | D:2      | Reached XP level 4. HP: 26/35 MP: 5/5
  3144 | D:3      | Reached ** piety under Lugonu
  3308 | D:3      | Found a blossoming altar of Fedhas.
  3493 | D:3      | Gained mutation: You are partially covered in large bone plates. (SH +4) [demonic ancestry]
  3493 | D:3      | Reached XP level 5. HP: 41/41 MP: 6/6
  3763 | D:3      | Reached skill level 5 in Maces & Flails
  4304 | D:4      | Noticed RumaTero's ghost (amateur DsAK)
  4521 | D:4      | Reached XP level 6. HP: 40/47 MP: 7/7
  4794 | D:4      | Found a shadowy altar of Dithmenos.
  5305 | D:5      | Entered Level 5 of the Dungeon
  5575 | D:5      | Reached skill level 6 in Maces & Flails
  5972 | D:5      | Reached XP level 7. HP: 21/52 MP: 8/8
  7125 | D:6      | Found a staircase to the Ecumenical Temple.
  7188 | D:6      | Noticed Edmund
  7381 | D:6      | Reached skill level 7 in Maces & Flails
  7536 | D:6      | Found Lam Lerchump's Armour Emporium.
  7585 | D:7      | Found a white marble altar of Elyvilon.
  7698 | D:7      | Reached XP level 8. HP: 55/61 MP: 9/9
  7720 | D:7      | Reached *** piety under Lugonu
  7783 | D:7      | Reached skill level 5 in Fighting
  7964 | D:7      | Found a runed door.
  8133 | D:6      | Reached skill level 5 in Armour
  8173 | D:6      | Reached skill level 1 in Shields
  8222 | D:6      | Noticed Menkaure
  8230 | D:6      | Killed Menkaure
  8594 | D:7      | Noticed Crazy Yiuf
  8600 | D:7      | Killed Crazy Yiuf
  8692 | D:8      | Noticed a two-headed ogre
  8958 | D:8      | Found a glowing golden altar of the Shining One.
  9156 | D:8      | Reached **** piety under Lugonu
  9162 | D:8      | Found Hengor's Food Shoppe.
  9177 | D:8      | Gained mutation: You have sharp fingernails. [demonic ancestry]
  9177 | D:8      | Reached XP level 9. HP: 45/69 MP: 10/10
 10441 | D:8      | Reached skill level 8 in Maces & Flails
 10643 | D:8      | Killed a two-headed ogre
 10893 | D:8      | Reached skill level 9 in Maces & Flails
 11209 | D:9      | Noticed a troll
 11232 | D:9      | Killed a troll
 11232 | D:9      | Reached XP level 10. HP: 35/76 MP: 11/11
 11323 | D:9      | Noticed a two-headed ogre
 11342 | D:9      | Slain by a two-headed ogre

Vault maps used:
D:1:      doesnt_arrival_goblin_jail
D:2:      kennysheep_big_flooded_room, serial_forest,
          infiniplex_forest_corner_1, infiniplex_forest_clump_cross,
          infiniplex_forest_end_2, infiniplex_forest_clump_small,
          infiniplex_forest_lined_ring, first_bread,
          kennysheep_decorative_pillar, minmay_cut_off
D:3:      marbit_many_paths, minmay_misc_feat_pillars
D:4:      nicolae_dithmenos_the_darkroom
D:6:      serial_shops, nicolae_shop_behind_doors, uniq_menkaure, uniq_edmund
D:7:      elyvilon_altar_5, uniq_crazy_yiuf_cottage
D:8:      nicolae_tso_besieged_by_evil, serial_shops, nicolae_shop_crystal
D:9:      grunt_temple_overflow_order_and_chaos_1,
          lemuel_coloured_pillars_altar, david_orc_3

Skill      XL: |  1  2  3  4  5  6  7  8  9 |
---------------+----------------------------+-----
Maces & Flails | 2 3 4 5 6 7 9 |  9.2
Armour         | 2 3 4 5 6 |  6.9
Fighting       | 4 6 |  6.0
Shields        | 2 4 |  4.6
Dodging        | |  0.8
Invocations    | |  2.4

Action                   |  1- 3 |  4- 6 |  7- 9 | 10-12 || total
-------------------------+-------+-------+-------+-------++-------
Melee: Mace              |   128 |   349 |       |       ||   477
       Hand axe          |       |    64 |   571 |     7 ||   642
Invok: Depart the Abyss  |     1 |       |       |       ||     1
       Bend Space        |       |       |       |     1 ||     1
Evoke: Wand              |       |       |     2 |       ||     2
  Use: Scroll            |       |     7 |    14 |       ||    21
       Potion            |       |       |     7 |       ||     7
  Eat: Chunk             |     1 |     9 |    11 |     1 ||    22
       Beef jerky        |     1 |       |       |       ||     1
       Meat ration       |       |     1 |     1 |       ||     2
       Pizza             |       |       |     1 |       ||     1
Armor: Leather armour    |    18 |       |       |       ||    18
       Ring mail         |    48 |   141 |   264 |     1 ||   454
Dodge: Dodged            |    93 |   167 |   315 |     5 ||   580
Block: Other             |       |    36 |    95 |     2 ||   133
